 Dungeon Crawl Stone Soup version 0.29.1-15-g9cfb28693d (webtiles) character file.

Game seed: 507409450480483100

385 GimliDwarf the Conjurer (level 6, 0/33 HPs)
             Began as a Tengu Conjurer on Dec 15, 2023.
             Was an Initiate of Dithmenos.
             Killed from afar by an orc wizard (2 damage)
             ... with a magic dart
             ... on level 4 of the Dungeon.
             The game lasted 00:13:03 (4854 turns).

GimliDwarf the Conjurer (Tengu Conjurer)            Turns: 4854, Time: 00:13:04

Health: 0/33       AC:  4    Str: 13    XL:     6   Next: 77%
Magic:  0/13       EV: 14    Int: 18    God:    Dithmenos [......]
Gold:   52         SH:  0    Dex: 12    Spells: 9/13 levels left

rFire   + . .      SeeInvis .   n - +4 whip of Bepolol {flame, rF+ Str+3 Stlth+}
rCold   . . .      Faith    .   (no shield)
rNeg    . . .      Spirit   .   u - +2 robe {Will+}
rPois   .          Reflect  .   (helmet restricted)
rElec   .          Harm     .   (no cloak)
rCorr   .          Rampage  .   (no gloves)
Will    +....                   (boots unavailable)
Stlth   +++.......              (no amulet)
HPRegen 0.11/turn               (no ring)
MPRegen 0.13/turn               (no ring)

@: flying quickly and evasively, quick
A: beak, talons 3, nimble flight
a: Renounce Religion


You were on level 4 of the Dungeon.
You worshipped Dithmenos.
Dithmenos was noncommittal.
You visited 2 branches of the dungeon, and saw 5 of its levels.
You also visited: Sewer.

You collected 133 gold pieces.
You spent 81 gold pieces at shops.

Inventory:

Hand Weapons
 n - the +4 whip of Bepolol (weapon) {flame, rF+ Str+3 Stlth+}
   (You found it on level 2 of the Dungeon)

   It burns those it strikes, dealing additional fire damage.
   Str:       It affects your strength (+3).
   rF:        It protects you from fire.
   Stlth:     It makes you more stealthy.
Armour
 u - a +2 robe of willpower (worn)
Scrolls
 f - 4 scrolls of identify {unknown}
 i - a scroll of fear
 k - 2 scrolls of teleportation
 l - a scroll of enchant armour
 o - a scroll of magic mapping {unknown}
 q - a scroll of brand weapon {unknown}
 r - a scroll of amnesia {unknown}
Potions
 b - 2 potions of magic
 c - a potion of resistance {unknown}
 d - a potion of degeneration {unknown}
 e - a potion of mutation {unknown}
 g - 3 potions of berserk rage {unknown}
 h - a potion of heal wounds {unknown}
 j - 5 potions of curing {unknown}
 m - a potion of haste {unknown}
 p - a potion of brilliance {unknown}
 s - a potion of ambrosia {unknown}
 t - a potion of attraction {unknown}


   Skills:
 + Level 0.8 Fighting
 * Level 2.1 Maces & Flails
 * Level 1.6 Armour
 - Level 2.1 Dodging
 - Level 2.0 Stealth
 * Level 4.2 Spellcasting
 * Level 6.7 Conjurations
 + Level 1.0 Necromancy
 * Level 3.0 Air Magic


You had 9 spell levels left.
You knew the following spells:

 Your Spells              Type           Power      Damage    Failure   Level
a - Magic Dart            Conj           100%       1d8       1%          1
b - Necrotise             Necr           28%        1d5       10%         1
c - Searing Ray           Conj           56%        2d6       1%          2

Your spell library contained the following spells:

 Spells                   Type           Power      Damage    Failure   Level
 Dazzling Flash           Conj/Hex       30%        N/A       11%         3
 Freeze                   Ice            12%        1d4       14%         1
 Vampiric Draining        Necr           7%         2d6       28%         3
 Fulminant Prism          Conj/Hex       7%         3d7       34%         4
 Hailstorm                Conj/Ice       15%        3d5       34%         4
 Iskenderun's Mystic Bla  Conj/Tloc      15%        2d5       34%         4
 Frozen Ramparts          Ice            6%         1d1       41%         3
 Agony                    Necr           7%         N/A       95%         5


Dungeon Overview and Level Annotations

Branches:
Dungeon (4/15)             Temple (1/1) D:4           Sewer (visited)

Altars:
Ashenzari
Cheibriados
Dithmenos
Fedhas
Gozag
Hepliaklqana
Kikubaaqudgha
Makhleb
Qazlal
Ru
Trog
Uskayaw
Wu Jian
Xom
Yredelemnul
Zin

Shops:
D:4 [


Innate Abilities, Weirdness & Mutations

You have a beak for a mouth.
You have claws for feet.
Your magical nature lets you fly swiftly and evasively.


Message History

(Press . to maintain the ray.)
The jackal bites you. The orc hits you with a +0 trident.
* * * LOW HITPOINT WARNING * * *
The searing ray hits the orc.
You kill the orc!
Dithmenos accepts your kill.
The searing ray hits the orc!
You kill the orc!
Dithmenos accepts your kill. The jackal closely misses you.
The jackal misses you.
The searing ray hits the orc wizard!
The orc wizard is heavily wounded.
The jackal misses you. The orc wizard misses you.
The searing ray misses the orc wizard.
You finish channelling your searing ray.
The jackal bites you.
* * * LOW HITPOINT WARNING * * *
The orc wizard mumbles some strange words.
The orc wizard flickers and vanishes!
Deactivating autopickup; reactivate with Ctrl-A.
Casting: Searing Ray (safe; 1% risk of failure)
Confirm with . or Enter, or press ? or * to list all spells.
Aiming: Searing Ray (safe; 1% risk of failure)
Press: ? - help, Shift-Dir - straight line (Press . to maintain the ray.)
The jackal misses you. The jackal closely misses you.
Something hits you but does no damage. The jackal closely misses you.
Something hits you.
* * * LOW HITPOINT WARNING * * *
The jackal misses you. Something hits you.
* * * LOW HITPOINT WARNING * * *
The jackal closely misses you.
The searing ray hits something!
You finish channelling your searing ray.
The jackal closely misses you. Something hits you but does no damage.
You closely miss something. The jackal completely misses you.
You hear some strange, mumbled words.
A magic dart appears from out of thin air!
The magic dart hits you.
You die...

#..# ....
..o###..#######!.#$$#
..........∩.h.'..$#
...........##.'..$#
..####..#.#####..#$$#
. #..#h....##....)
...#......# #....
##.###..##h# #### .#
##){@.# ## #.>####
#...# .....# .......#
###.#..# #..... # ##.


You could see a jackal.

Vanquished Creatures
  2 orc priests (D:4)
  2 iguanas (D:4)
  An orc wizard (D:3)
  A merfolk siren (Sewer)
  A merfolk avatar (Sewer)
  3 gnolls (D:2)
  5 adders
  3 river rats
  An ufetubus (D:4)
  3 worms
  11 orcs
  5 ball pythons
  4 giant cockroaches
  5 goblins
  5 kobolds
  4 quokkas
  9 bats
  9 frilled lizards
  29 rats
103 creatures vanquished.

Vanquished Creatures (others)
  35 plants
35 creatures vanquished.

Grand Total: 138 creatures vanquished

Notes
Turn   | Place    | Note
-------+----------+-------------------------------------------
     0 | D:1      | GimliDwarf the Tengu Conjurer began the quest for the Orb.
     0 | D:1      | Reached XP level 1. HP: 10/10 MP: 4/4
    70 | D:1      | Learned a level 1 spell: Necrotise
   357 | D:1      | Reached XP level 2. HP: 15/15 MP: 4/6
   360 | D:1      | Learned a level 2 spell: Searing Ray
  1141 | D:1      | You fall into a shaft and drop 1 floor!
  1517 | D:2      | Reached skill level 1 in Air Magic
  1532 | D:2      | Identified the +4 whip of Bepolol {flame, rF+ Str+3 Stlth+}
  1564 | D:2      | Reached XP level 3. HP: 15/19 MP: 1/7
  2192 | D:2      | Reached XP level 4. HP: 24/24 MP: 7/9
  2595 | D:4      | Reached skill level 6 in Conjurations
  2626 | D:4      | Found a glowing drain.
  2697 | Sewer    | Entered a sewer
  2798 | Sewer    | Gained mutation: Your magical nature lets you fly swiftly
                  | and evasively. [Tengu growth]
  2798 | Sewer    | Reached XP level 5. HP: 28/28 MP: 5/11
  2994 | Sewer    | Reached skill level 1 in Armour
  3063 | Sewer    | Noticed a malarious merfolk avatar
  3082 | Sewer    | Killed a malarious merfolk avatar
  3083 | Sewer    | Reached skill level 1 in Necromancy
  3544 | D:3      | Found a faded altar of an unknown god.
  3661 | D:3      | Reached skill level 1 in Maces & Flails
  3713 | D:3      | Reached XP level 6. HP: 32/32 MP: 3/12
  4540 | D:4      | Found a staircase to the Ecumenical Temple.
  4551 | Temple   | Entered the Ecumenical Temple
  4763 | Temple   | Became a worshipper of Dithmenos the Shadowed
  4808 | D:4      | Found Syfuari's Antique Armour Boutique.
  4813 | D:4      | Bought a runed robe for 81 gold pieces
  4854 | D:4      | Killed from afar by an orc wizard

Illustrated notes

Levels and vault maps discovered:
D:1:      nzn_arrival_settlement, layout_loops_ring, st_stairs_9
D:2:      layout_basic, serial_forest, infiniplex_forest_clump_long,
          infiniplex_forest_lined_2, infiniplex_forest_end_1,
          infiniplex_forest_clump_long, infiniplex_forest_clump_small,
          infiniplex_forest_clump_small, kennysheep_generic_room_4
D:3:      wad_lake_hut, layout_rooms, basic_ecumenical_altar
D:4:      minmay_polygon_palace, layout_loops_ring, minmay_temple_entry_tees,
          gup_sewer_entry_bubbles, serial_shops, shop, minmay_parallelograms,
          uniq_edmund
Temple:   eino_temple_scatter_basement

Skill      XL: |  1  2  3  4  5  6 |
---------------+-------------------+-----
Air Magic      | 1 2 3 |  3.0
Spellcasting   | 3 4 |  4.2
Conjurations   | 6 |  6.7
Armour         | 1 |  1.6
Necromancy     | 1 |  1.0
Maces & Flails | 1 2 |  2.1
Fighting       | |  0.8
Dodging        | |  2.1
Stealth        | |  2.0

Action                   |  1- 3 |  4- 6 || total
-------------------------+-------+-------++-------
Melee: Whip              |     7 |    71 ||    78
       Unarmed           |     3 |       ||     3
       Kick              |     3 |     7 ||    10
       Peck              |     1 |     3 ||     4
 Cast: Magic Dart        |    44 |    52 ||    96
       Necrotise         |     8 |     2 ||    10
       Searing Ray       |     2 |    21 ||    23
  Use: Scroll            |       |     7 ||     7
 Stab: Sleeping          |       |    11 ||    11
Armor: Robe              |       |    14 ||    14
Dodge: Dodged            |    23 |    58 ||    81
